 Dungeon Crawl Stone Soup version 0.16-a0-3215-g5dfac0e (webtiles) character file.

270 Herrn the Skirmisher (level 6, -4/52 HPs)
             Began as a Demonspawn Fighter on Dec 20, 2014.
             Killed by divine providence
             ... invoked by an orc priest
              (8 damage)
             ... on level 4 of the Dungeon.
             The game lasted 00:09:06 (3126 turns).

Herrn the Skirmisher (Demonspawn Fighter)           Turns: 3126, Time: 00:09:07

Health: -4/52      AC:  7    Str: 18    XL:     6   Next: 1%
Magic:  0/17       EV: 13    Int: 10    God:
Gold:   79         SH:  9    Dex: 17    Spells: 0 memorised, 8 levels left

rFire  . . .     SeeInvis .     a - +0 war axe
rCold  . . .     Clarity  .     k - +0 scale mail (curse)
rNeg   . . .     SustAb   .     c - +0 shield
rPois  .         Gourm    .     (no helmet)
rElec  .         Spirit   +     u - +0 cloak
rCorr  .         Warding  .     (no gloves)
rMut   .         Stasis   .     (no boots)
MR     .....                    (no amulet)
Stlth  +.........               (no ring)
                                j - ring of magical power

@: agile, lethally poisoned, not resistant to hostile enchantments, very
unstealthy
A: talons 1, mutation resistance 1, robust 1, magic shield, magic regeneration,
magic link
a: no special abilities


You were on level 4 of the Dungeon.
You were hungry.

You visited 2 branches of the dungeon, and saw 5 of its levels.

You collected 79 gold pieces.

Inventory:

Hand weapons
 a - a +0 war axe (weapon)
Armour
 b - a +0 scale mail
 c - a +0 shield (worn)
 k - a cursed +0 scale mail (worn)
 n - a +0 chain mail
 u - a +0 cloak (worn)
Jewellery
 j - a ring of magical power (left hand)
Scrolls
 f - 2 scrolls of enchant armour
 i - a scroll of teleportation {unknown}
 m - 2 scrolls of recharging
 o - a scroll of magic mapping
 p - a scroll of remove curse {unknown}
 s - 2 scrolls of noise {unknown}
Potions
 g - 2 potions of invisibility
 r - a potion of mutation
Comestibles
 d - 2 bread rations
 h - a meat ration
 q - a slice of pizza


   Skills:
 * Level 4.2 Fighting
 * Level 3.1 Axes
 + Level 3.1 Armour
 + Level 1.6 Dodging
 + Level 3.5 Shields
 * Level 1.5 Spellcasting


You had 8 spell levels left.
You didn't know any spells.

Dungeon Overview and Level Annotations

Branches:
Dungeon (4/15)             Temple (1/1) D:4

Altars:
Ashenzari
Cheibriados
Dithmenos
Gozag
Makhleb
Nemelex Xobeh
Qazlal
Ru
Sif Muna
Trog
Vehumet
Xom
Zin
The Shining One


Innate Abilities, Weirdness & Mutations

When hurt, damage is shared between your health and your magic reserves.
You regenerate magic rapidly.
When low on magic, you restore magic in place of health.
You have sharp toenails.
You are somewhat resistant to further mutation.
You are robust (+10% HP).


Message History

The orc priest is moderately wounded.
You barely miss the orc.
Your scale mail prevents you from hitting the worker ant.
The worker ant is severely wounded.
You feel sick. The worker ant misses you. The orc closely misses you.
The orc priest becomes somewhat translucent.
You closely miss the orc priest.
You claw the orc priest, but do no damage.
The orc priest is moderately wounded.
You barely miss the worker ant.
The worker ant is severely wounded.
You hit the orc.
The orc is heavily wounded.
You feel sick.
The worker ant bites you but does no damage.
The orc closely misses you. You block the orc priest's attack.
The worker ant misses you.
The orc priest calls down the wrath of Beogh upon you.
Something smites you!
You die...

.)....# #)...
......######.....
......#..........
.................
####+#.........#
...(...........#
.....##........#
.....##........######..#+
.....##........?@)(......
.....##........aoo.......
.....##.................
.....##.................
.....##################.
.....# ##...# #...# #...#


You could see a worker ant, an orc priest and an orc.

Vanquished Creatures
  A scorpion (D:4)
  A hound (D:4)
  An iguana (D:4)
  2 worker ants (D:4)
  A hound skeleton (D:4)
  3 adders
  A giant mite (D:1)
  2 worms
  An ooze (D:2)
  2 orcs (D:4)
  10 bats
  A bat skeleton (D:4)
  3 giant cockroaches
  11 goblins
  5 hobgoblins
  5 kobolds
  2 quokkas
  2 giant geckos (D:1)
  10 giant newts
  3 jackals (D:1)
  8 rats
75 creatures vanquished.

Notes
Turn   | Place    | Note
--------------------------------------------------------------
     0 | D:1      | Herrn, the Demonspawn Fighter, began the quest for the Orb.
     0 | D:1      | Reached XP level 1. HP: 18/18 MP: 1/1
   235 | D:1      | Gained mutation: When hurt, damage is shared between your health and your magic reserves. [demonic ancestry]
   235 | D:1      | Reached XP level 2. HP: 22/24 MP: 2/2
   704 | D:1      | Reached XP level 3. HP: 29/29 MP: 3/3
  1311 | D:2      | Reached skill level 1 in Spellcasting
  1343 | D:2      | Found a glowing silver altar of Zin.
  1406 | D:2      | Reached skill level 1 in Dodging
  1406 | D:2      | Reached XP level 4. HP: 36/36 MP: 5/5
  2333 | D:4      | Reached skill level 4 in Fighting
  2333 | D:4      | Gained mutation: You regenerate magic rapidly. [demonic ancestry]
  2333 | D:4      | Reached XP level 5. HP: 42/42 MP: 7/7
  2565 | D:4      | Found a staircase to the Ecumenical Temple.
  2574 | Temple   | Entered the Ecumenical Temple
  2859 | D:4      | HP: 2/42 [iguana (3)]
  3120 | D:4      | Gained mutation: You are somewhat resistant to further mutation. [potion of mutation]
  3120 | D:4      | Gained mutation: You are robust (+10% HP). [potion of mutation]
  3120 | D:4      | Gained mutation: You have sharp toenails. [potion of mutation]
  3122 | D:4      | Gained mutation: When low on magic, you restore magic in place of health. [demonic ancestry]
  3122 | D:4      | Reached XP level 6. HP: 9/52 MP: 6/8
  3126 | D:4      | Killed from afar by an orc priest

Action                   |  1- 3 |  4- 6 || total
-------------------------+-------+-------++-------
Melee: War axe           |   130 |   133 ||   263
  Use: Scroll            |       |     5 ||     5
       Potion            |       |     4 ||     4
  Eat: Chunk             |     1 |     6 ||     7
